 Dungeon Crawl Stone Soup version 0.20-a0-1062-g7b787ac (webtiles) character file.

340 4thArraOfDagon the Poker (level 6, -2/47 HPs)
             Began as a Mummy Monk on Apr 27, 2017.
             Killed from afar by an electric eel (9 damage)
             ... with a bolt of electricity
             ... on level 6 of the Dungeon.
             The game lasted 00:09:38 (2074 turns).

4thArraOfDagon the Poker (Mummy Monk)               Turns: 2074, Time: 00:09:39

Health: -2/47      AC:  8    Str: 15    XL:     6   Next: 30%
Magic:  6/6        EV: 11    Int: 11    God:
Gold:   187        SH:  0    Dex: 14    Spells: 5/5 levels left

rFire    x . .     SeeInvis .   a - +0 spear (venom)
rCold    + . .     Gourm    .   (no shield)
rNeg     + + +     Faith    .   e - +1 scale mail
rPois    ∞         Spirit   .   (no helmet)
rElec    .         Reflect  .   (no cloak)
rCorr    .         Harm     .   c - +0 pair of gloves
MR       .....                  (no boots)
Stlth    ..........             (no amulet)
Regen    0.2/turn               (no ring)
MPRegen  0.1/turn               (no ring)

@: no status effects
A: no food or potions, fire vulnerability, cold resistance 1, negative energy
resistance 3, torment resistance, unbreathing
a: no special abilities


You were on level 6 of the Dungeon.
You were not hungry.

You visited 1 branch of the dungeon, and saw 7 of its levels.

You collected 187 gold pieces.

Inventory:

Hand Weapons
 a - a +0 spear of venom (weapon)
 f - a +2 mace of protection
Armour
 b - a +0 robe
 c - a +0 pair of gloves (worn)
 e - a +1 scale mail (worn)
Scrolls
 g - a scroll of teleportation
 h - 2 scrolls of identify
 i - a scroll of fog
 k - 2 scrolls of remove curse
Books
 d - a book of Battle

   Spells                             Type                      Level
   a - Infusion                       Charms                       1
   b - Shroud of Golubria             Charms/Translocation         2
   c - Song of Slaying                Charms                       2
   d - Spectral Weapon                Hexes/Charms                 3
   e - Regeneration                   Charms/Necromancy            3


   Skills:
 - Level 3.0 Fighting
 * Level 4.5 Polearms
 + Level 2.3 Armour
 + Level 3.5 Dodging
 - Level 1.5 Stealth


You had 5 spell levels left.
You didn't know any spells.

Dungeon Overview and Level Annotations

Branches:
Dungeon (7/15)
 Temple: D:4-7

Altars:
Sif Muna
Wu Jian
Xom

Annotations:
D:4 PeterLawrence's ghost, amateur GrFi
D:5 Gorglomux's ghost, novice HOBe


Innate Abilities, Weirdness & Mutations

You do not eat or drink.
Your flesh is vulnerable to fire.
You are immune to poison.
Your flesh is cold resistant. (rC+)
You are immune to negative energy. (rN+++)
You are immune to unholy pain and torment.
You can survive without breathing.


Message History

The hound bites you but does no damage.
There is an open door here.
The hound bites you.
There is an escape hatch in the floor here.
The hound bites you but does no damage.
You slide downwards.
The hatch slams shut behind you. 4 electric eels come into view.
The electric eel shoots out a bolt of lightning at you!
The bolt of electricity hits the electric eel.
The electric eel completely resists.
The bolt of electricity hits the electric eel.
The electric eel completely resists.
The bolt of electricity hits you!
The electric eel shoots out a bolt of lightning at you!
The bolt of electricity hits the electric eel.
The electric eel completely resists.
The bolt of electricity hits you!
The electric eel shoots out a bolt of lightning at you!
The bolt of electricity hits you!
* * * LOW HITPOINT WARNING * * *
The bolt of electricity hits you!
You die...

....... ≈;;# #.....# ≈≈≈;
#.....# ≈≈≈. #.....#
≈≈≈#≈;## #.....# ≈ #≈≈#≈≈≈
#.....# .. ≈..≈≈≈## #.....#
<..♣.(≈≈..###########......
.$≈≈≈.≈≈#.@!........'......
≈≈#≈.≈≈≈≈h######....#......
#≈≈≈≈≈≈≈#.######....#.....#
≈≈≈≈≈≈≈.#.w.w.##)..........
≈≈≈≈≈≈≈#.####.##...........
≈≈≈≈≈≈.#..# #.##...........
≈≈≈≈w#....###.##....##.....
.w≈#...#..........>....####
(#.....#..#.[.#w######.....


You could see a hound and 4 electric eels.

Vanquished Creatures
  A water moccasin (D:6)
  2 hounds
  An iguana (D:5)
  A worker ant (D:5)
  6 adders
  A shadow imp (D:5)
  An ooze (D:4)
  A worm (D:4)
  A dart slug (D:6)
  2 leopard geckos
  10 orcs
  A ball python (D:2)
  4 bats
  A giant cockroach (D:4)
  A hobgoblin (D:1)
  4 quokkas
  3 frilled lizards (D:2)
  3 goblins (D:2)
  2 kobolds (D:2)
  4 rats
50 creatures vanquished.

Notes
Turn   | Place    | Note
-------+----------+-------------------------------------------
     0 | D:1      | 4thArraOfDagon the Mummy Monk began the quest for the Orb.
     0 | D:1      | Reached XP level 1. HP: 18/18 MP: 1/1
   149 | D:2      | Reached XP level 2. HP: 24/24 MP: 2/2
   190 | D:2      | Reached skill level 1 in Armour
   222 | D:2      | jacquesderrida: Dagnag...
   248 | D:2      | 4thArraOfDagon: hi
   265 | D:2      | Reached skill level 3 in Polearms
   265 | D:2      | Reached XP level 3. HP: 21/29 MP: 3/3
   535 | D:2      | jacquesderrida: hi
   622 | D:2      | Reached XP level 4. HP: 24/35 MP: 4/4
   672 | D:3      | Found an ornate altar of the Wu Jian Council.
   757 | D:4      | Found a shimmering altar of Xom.
   758 | D:4      | Found a shimmering altar of Xom.
   759 | D:4      | Found a shimmering altar of Xom.
   776 | D:5      | Entered Level 5 of the Dungeon
   784 | D:6      | Found a deep blue altar of Sif Muna.
   849 | D:5      | Noticed Gorglomux's ghost (novice HOBe)
   911 | D:7      | Noticed an orc warrior
   915 | D:7      | Noticed an ogre
   969 | D:7      | Noticed an orc warrior
  1023 | D:6      | Reached XP level 5. HP: 27/41 MP: 5/5
  1131 | D:6      | Noticed a water moccasin
  1160 | D:6      | Killed a water moccasin
  1160 | D:6      | Reached skill level 4 in Polearms
  1541 | D:4      | Noticed PeterLawrence's ghost (amateur GrFi)
  1568 | D:4      | Found a shimmering altar of Xom.
  1569 | D:4      | Found a shimmering altar of Xom.
  1712 | D:5      | Reached XP level 6. HP: 42/47 MP: 6/6
  2074 | D:6      | Killed from afar by an electric eel

Vault maps used:
D:1:      enne_arrival_octagon_isle
D:2:      dancing_weapons_uskayaw
D:3:      nicolae_overflow_crystal_walls, first_bread, grunt_ministairs_9,
          corexii_item_surrounded_by_moat
D:4:      xom_redecorated
D:6:      kennysheep_slugbush, basic_altar
D:7:      minmay_temple_entry_junction, serial_glass, glass_columns_b,
          glass_columns_b, minivault_23

Skill      XL: |  1  2  3  4  5 |
---------------+----------------+-----
Armour         | 1 2 |  2.3
Polearms       | 3 4 |  4.5
Dodging        | 3 |  3.5
Fighting       | |  3.0
Stealth        | |  1.5

Action                   |  1- 3 |  4- 6 || total
-------------------------+-------+-------++-------
Melee: Spear             |    24 |    34 ||    58
       Mace              |    67 |    83 ||   150
  Use: Scroll            |       |    10 ||    10
 Stab: Sleeping          |     2 |       ||     2
Armor: Robe              |     1 |       ||     1
       Scale mail        |    50 |    82 ||   132
Dodge: Dodged            |    71 |    82 ||   153
